 Dungeon Crawl Stone Soup version 0.17-a0-2098-gf59d6bc (webtiles) character file.

196 septik the Skirmisher (level 5, -10/43 HPs)
             Began as a Mummy Fighter on Oct 17, 2015.
             Killed from afar by 4thArraOfDagon's ghost (16 damage)
             ... with a flame tongue
             ... in an ossuary.
             The game lasted 00:11:43 (3734 turns).

septik the Skirmisher (Mummy Fighter)               Turns: 3734, Time: 00:11:43

Health: -10/43     AC:  6    Str: 20    XL:     5   Next: 45%
Magic:  5/5        EV:  7    Int:  8    God:
Gold:   131        SH:  9    Dex: 11    Spells: 0 memorised, 4 levels left

rFire  x . .     SeeInvis .     a - +0 flail
rCold  + . .     Clarity  .     n - +0 scale mail
rNeg   + + +     SustAt   .     l - +1 shield
rPois  ∞         Gourm    .     (no helmet)
rElec  .         Spirit   .     (no cloak)
rCorr  .         Warding  .     (no gloves)
rMut   .         Stasis   .     (no boots)
MR     .....                    (no amulet)
Stlth  ..........               (no ring)
                                (no ring)

@: not resistant to hostile enchantments, extremely unstealthy
A: no food or potions, fire vulnerability, cold resistance 1, negative energy
resistance 3, torment resistance, unbreathing
a: no special abilities


You were in an ossuary.
You were not hungry.

You visited 1 branch of the dungeon, and saw 4 of its levels.
You also visited: Ossuary.

You collected 131 gold pieces.

Inventory:

Hand Weapons
 a - a +0 flail (weapon)
 d - a +0 whip
Armour
 l - a +1 shield (worn)
 n - a +0 scale mail (worn)
Jewellery
 g - an uncursed ring of loudness
 h - an uncursed ring of flight {unknown}
 i - a cursed amulet of inaccuracy {unknown}
Scrolls
 c - a scroll of identify
 e - 3 scrolls of teleportation
 f - a scroll of blinking
 j - a scroll of amnesia
 m - a scroll of remove curse
 o - a scroll of immolation {unknown}


   Skills:
 + Level 4.4 Fighting
 * Level 3.7 Maces & Flails
 - Level 2.5 Armour
 - Level 2.5 Shields


You had 4 spell levels left.
You didn't know any spells.

Dungeon Overview and Level Annotations

Branches:
Dungeon (4/15)
 Temple: D:4-7

Altars:

Annotations:
Ossuary 4thArraOfDagon's ghost, weakling HEFE


Innate Abilities, Weirdness & Mutations

You do not eat or drink.
Your flesh is vulnerable to fire.
You are immune to poison.
Your flesh is cold resistant.
You are immune to negative energy.
You are immune to unholy pain and torment.
You can survive without breathing.


Message History

* * * LOW HITPOINT WARNING * * *
An arrow hits the mummy!
A poisoned needle shoots out and hits your shield.
You hear a blaring wail to the west. 4thArraOfDagon's ghost (weakling High Elf Fire Elementalist) comes into view.
It is wielding a weapon of draining.
There is a needle trap here.
You found a net trap! 4thArraOfDagon's ghost turns its malevolent gaze towards you.
You are too injured to fight recklessly!
You hear a blaring wail to the west.
A large net falls down onto the mummy!
The mummy is caught in the net! 4thArraOfDagon's ghost barely misses you.
You avoid triggering a needle trap.
You found a needle trap!
The mummy struggles against the net.
Found a throwing net.
There is a needle trap here.
You found a needle trap! 4thArraOfDagon's ghost points at you and mumbles some strange words.
The flame tongue hits you! The fire burns you terribly!
You die...

#########
#+#+#+#+#+#+#.......###
...........M..........##
........W..M^.^^.......#
......^.^.^...^∩.∩.....#
.......@..M^...........#
.(...^......^..^......##
#+#+#+#+#+#+#.......###
#########


You could see 3 mummies and 4thArraOfDagon's ghost.

Vanquished Creatures
  A crimson imp (D:4)
  4 gnolls
  4 adders
  4 worms
  2 giant geckos
  An orc (D:3)
  8 bats
  5 giant cockroaches
  8 goblins
  9 hobgoblins
  5 jackals
  11 kobolds
  A quokka (D:3)
  2 ball pythons (D:2)
  8 rats
73 creatures vanquished.

Notes
Turn   | Place    | Note
--------------------------------------------------------------
     0 | D:1      | septik the Mummy Fighter began the quest for the Orb.
     0 | D:1      | Reached XP level 1. HP: 18/18 MP: 1/1
   168 | D:1      | Reached XP level 2. HP: 24/24 MP: 2/2
   829 | D:1      | Reached XP level 3. HP: 19/29 MP: 3/3
  1729 | D:2      | Reached XP level 4. HP: 34/37 MP: 4/4
  1878 | D:2      | Reached skill level 4 in Fighting
  3196 | D:3      | Reached XP level 5. HP: 42/42 MP: 5/5
  3690 | D:4      | Noticed a phantom
  3698 | D:4      | Found a sand-covered staircase.
  3709 | Ossuary  | Entered an ossuary
  3729 | Ossuary  | Noticed 4thArraOfDagon's ghost (weakling HEFE)
  3734 | Ossuary  | Killed from afar by 4thArraOfDagon's ghost

Vault maps used:
D:1:      sevenhm_arrival_forest_fort_small_5, hex_tiny
D:2:      first_bread
D:4:      nicolae_ossuary_entry_false_entrances,
          nicolae_ru_great_annihilating_truth
Ossuary:  ossuary_the_hunt_dpeg

Action                   |  1- 3 |  4- 6 || total
-------------------------+-------+-------++-------
Melee: Flail             |   110 |    97 ||   207
       Whip              |    16 |   126 ||   142
  Use: Scroll            |     2 |     6 ||     8
